 Dungeon Crawl Stone Soup version 0.30.1-4-g462c640d31 (webtiles) character file.

Game seed: 16266253961592624498

35 Kurtz the Chopper (level 3, -3/23 HPs)
             Began as a Tengu Fighter on Sept 18, 2023.
             Slain by Sigmund
             ... wielding a +0 scythe
              (7 damage)
             ... on level 2 of the Dungeon.
             The game lasted 00:00:55 (811 turns).

Kurtz the Chopper (Tengu Fighter)                    Turns: 811, Time: 00:00:56

Health: -3/23      AC:  6    Str: 18    XL:     3   Next: 33%
Magic:  4/4        EV:  9    Int:  8    God:
Gold:   31         SH:  0    Dex: 13    Spells: 2/2 levels left

rFire   . . .        a - +0 war axe
rCold   . . .        c - +0 buckler
rNeg    . . .        b - +0 scale mail
rPois   .            (helmet restricted)
rElec   .            (no cloak)
rCorr   .            (no gloves)
SInv    .            (boots unavailable)
Will    .....        (no amulet) Stlth
                     (no ring)
HPRegen 0.23/turn    (no ring)
MPRegen 0.09/turn

%: no passive effects
@: confused
A: beak, talons 3
a: no special abilities


You were on level 2 of the Dungeon.
You visited 1 branch of the dungeon, and saw 2 of its levels.

You collected 31 gold pieces.

Inventory:

Hand Weapons
 a - a +0 war axe (weapon)
Armour
 b - a +0 scale mail (worn)
 c - a +0 buckler (worn)
Scrolls
 f - a scroll of amnesia {unknown}
 h - 2 scrolls of identify {unknown}
 i - a scroll of immolation {unknown}
 j - a scroll of fear {unknown}
Potions
 d - a potion of might
 e - a potion of haste {unknown}
 g - a potion of curing {unknown}


   Skills:
 - Level 3.0 Fighting
 * Level 4.0 Axes
 - Level 3.2 Armour
 - Level 3.0 Shields


You had 2 spell levels left.
You didn't know any spells.
Your spell library contained the following spells:

 Spells                   Type           Power      Damage    Failure   Level
 Dazzling Flash           Conj/Hex       0%         N/A       99%         3
 Agony                    Necr           0%         N/A       100%        5
 Silence                  Hex/Air        0%         N/A       100%        5


Dungeon Overview and Level Annotations

Branches:
Dungeon (2/15)

Altars:

Annotations:
D:2 Sigmund


Innate Abilities, Weirdness & Mutations

You have a beak for a mouth.
You have claws for feet.


Message History

Sigmund gestures at you while chanting.
You are confused.
You are too confused!
You are too confused!
You are too confused!
You are too confused!
You are too confused!
You are too confused!
You are too confused!
You are too confused!
Unknown command.
Sigmund attacks as you move away! Sigmund barely misses you.
Sigmund points at you and mumbles some strange words.
You are more confused.
The kobold throws a stone.
The stone barely misses you. Sigmund casts a spell at you.
You are more confused.
The kobold throws a stone.
The stone barely misses you.
The kobold throws a stone.
The stone closely misses you. Sigmund gestures at you while chanting.
You are more confused.
Sigmund hits you but does no damage.
Sigmund hits you from afar with a +0 scythe!
The kobold throws a stone.
The stone barely misses you.
You see here a +0 mace.
The kobold throws a stone.
The stone closely misses you. Sigmund closely misses you.
You see here a +0 mace.
Sigmund closely misses you. The kobold hits you but does no damage.
Sigmund closely misses you.
The kobold hits you with a +0 short sword.
The kobold barely misses you. Sigmund casts a spell at you.
The magic dart hits you.
* * * LOW HITPOINT WARNING * * *
You closely miss the kobold. You peck the kobold.
You kill the kobold!
You barely miss Sigmund. Sigmund hits you with a +0 scythe!
You die...

#...#.###..### #... #<
............. .##...###.
..........#.# ..........
..........#.#####..........
.........#.............##.#
..................##.. ##.#
......†...........##...#..#
......†..#.@......# #....#
.........#@)<....#####.##.#
.........#..)....##.... #..
.........#.<.....#..## ##.
.........########..# ###.
.........# ##..######...
.........# #..##......#.
.........# ####.###.######.
#......#.#####..
#...>...........


You could see Sigmund.

Vanquished Creatures
  2 dart slugs (D:1)
  3 bats
  4 endoplasms
  A giant cockroach (D:1)
  2 goblins (D:1)
  A hobgoblin (D:1)
  A quokka (D:2)
  7 ball pythons
  A frilled lizard (D:2)
  3 kobolds
  6 rats (D:1)
31 creatures vanquished.

Notes
Turn   | Place    | Note
-------+----------+-------------------------------------------
     0 | D:1      | Kurtz the Tengu Fighter began the quest for the Orb.
     0 | D:1      | Reached XP level 1. HP: 14/14 MP: 2/2
     2 | D:1      | Noticed a vampire
     2 | D:1      | Noticed a human
     4 | D:1      | Noticed an armataur
     4 | D:1      | Noticed a troll
     6 | D:1      | Noticed a naga
     6 | D:1      | Noticed an elf
     8 | D:1      | Noticed an ogre
    10 | D:1      | Noticed a minotaur
    12 | D:1      | Noticed an octopode
    12 | D:1      | Noticed a vine stalker
    14 | D:1      | Noticed a tengu
    16 | D:1      | Noticed a felid
    16 | D:1      | Noticed a gargoyle
    18 | D:1      | Noticed a merfolk
    18 | D:1      | Noticed a ghoul
    20 | D:1      | Noticed a formicid
    20 | D:1      | Noticed a demigod
    22 | D:1      | Noticed a draconian
    22 | D:1      | Noticed a spriggan
    24 | D:1      | Noticed a meteoran
    24 | D:1      | Noticed a spriggan
    26 | D:1      | Noticed an elf
    26 | D:1      | Noticed a meteoran
   107 | D:1      | Reached skill level 3 in Axes
   107 | D:1      | Reached XP level 2. HP: 16/19 MP: 3/3
   482 | D:1      | Reached XP level 3. HP: 23/23 MP: 4/4
   768 | D:2      | Reached skill level 4 in Axes
   785 | D:2      | Noticed Sigmund
   811 | D:2      | Slain by Sigmund

Illustrated notes

Levels and vault maps discovered:
D:1:      kb_arrival_jail, layout_loops_ring
D:2:      layout_rooms, kennysheep_generic_room_3, uniq_sigmund

Skill      XL: |  1  2  3 |
---------------+----------+-----
Axes           | 3 4 |  4.0
Fighting       | |  3.0
Armour         | |  3.2
Shields        | |  3.0

Action                     || total
---------------------------++-------
  Melee: War axe           ||    59
         Peck              ||    13
         Kick              ||    12
 Armour: Scale mail        ||    31
  Dodge: Dodged            ||    27
  Block: Buckler           ||    16
